 Dungeon Crawl Stone Soup version 0.26.1-11-gd32895ea62 (webtiles) character file.

Game seed: 13110977203988773646

140 nothank2 the Firebug (level 5, -5/38 HPs)
             Began as a Hill Orc Fire Elementalist on July 15, 2021.
             Killed from afar by Ijyb (7 damage)
             ... with a puff of flame
             ... on level 3 of the Dungeon.
             The game lasted 00:18:19 (4032 turns).

nothank2 the Firebug (Hill Orc Fire Elementalist)   Turns: 4032, Time: 00:18:19

Health: -5/38      AC:  3    Str: 11    XL:     5   Next: 22%
Magic:  0/8        EV: 12    Int: 16    God:
Gold:   153        SH:  0    Dex: 11    Spells: 5/9 levels left

rFire    . . .     SeeInvis .   c - +0 dagger
rCold    . . .     Faith    .   (no shield)
rNeg     . . .     Spirit   .   a - +0 robe
rPois    .         Reflect  .   (no helmet)
rElec    .         Harm     .   (no cloak)
rCorr    .         Rampage  .   l - +0 pair of gloves
Will     .....                  (no boots)
Stlth    ++........             (no amulet)
HPRegen  0.12/turn              (no ring)
MPRegen  0.11/turn              (no ring)

@: no status effects
A: no striking features
a: no special abilities


You were on level 3 of the Dungeon.
You visited 1 branch of the dungeon, and saw 3 of its levels.

You collected 153 gold pieces.

Inventory:

Hand Weapons
 c - a +0 dagger (weapon)
 g - a -1 quarterstaff
Missiles
 m - 8 boomerangs (quivered)
Armour
 a - a +0 robe (worn)
 k - a -2 pair of gloves
 l - a +0 pair of gloves (worn)
Jewellery
 j - an uncursed ring of flight {unknown}
Scrolls
 b - 2 scrolls of teleportation
 f - a scroll of remove curse
 i - a scroll of fear {unknown}
Potions
 d - 2 potions of magic {unknown}
 e - 3 potions of flight {unknown}
 h - 2 potions of haste {unknown}


   Skills:
 - Level 1.5 Dodging
 - Level 1.5 Stealth
 + Level 2.6 Spellcasting
 + Level 2.8 Conjurations
 + Level 4.5 Fire Magic


You had 5 spell levels left.
You knew the following spells:

 Your Spells              Type           Power        Failure   Level
a - Foxfire               Conj/Fire      52%          4%          1
b - Conjure Flame         Conj/Fire      13%          13%         3

Your spell library contained the following spells:

 Spells                   Type           Power        Failure   Level
 Inner Flame              Hex/Fire       9%           24%         3
 Sticky Flame             Conj/Fire      13%          38%         4
 Fireball                 Conj/Fire      6%           75%         5


Dungeon Overview and Level Annotations

Branches:
Dungeon (3/15)

Altars:

Annotations:
D:2 Terence
D:3 Ijyb


Message History

Throw: 8 boomerangs
Press: ? - help, Q - select action, (/) - cycle Shift-Dir - straight line, f - Ijyb
Aim: Ijyb, wielding a +0 club, wearing a +0 ring mail and carrying a wand of flame (9) (almost dead, 50% to hit)
You throw a boomerang.
The boomerang hits Ijyb but does no damage.
Ijyb is almost dead.
Ijyb zaps a wand.
The puff of flame hits you.
* * * LOW HITPOINT WARNING * * *
Ijyb barely misses you.
You hit Ijyb but do no damage.
Ijyb is almost dead.
Ijyb zaps a wand.
The puff of flame misses you.
You hit Ijyb.
Ijyb is almost dead.
Ijyb hits you with a +0 club.
* * * LOW HITPOINT WARNING * * *
You barely miss Ijyb.
Ijyb is almost dead.
Ijyb zaps a wand.
The puff of flame hits you!
You die...

##### ### ###...######
#.. ..........## #.#
#.........## #.#
#..#......# #.#
#.#..@....# #.#
##.##.g..#.#
#####.#####.#.#.#.#...#
......##...###..#......#
...##.##.##.#.###.......
..........##.# #.....#
###.###..#.#.# #...##
#.....#..)...# #.##
#.....#..#.#.#


You could see Ijyb.

Vanquished Creatures
  3 gnolls
  5 adders
  An ooze (D:2)
  3 worms
  2 dart slugs (D:2)
  2 leopard geckos
  2 giant cockroaches
  3 goblins
  8 hobgoblins
  2 jackals (D:1)
  6 bats
  9 frilled lizards
  3 kobolds
  2 rats (D:1)
51 creatures vanquished.

Vanquished Creatures (others)
  132 foxfires
132 creatures vanquished.

Grand Total: 183 creatures vanquished

Notes
Turn   | Place    | Note
-------+----------+-------------------------------------------
     0 | D:1      | nothank2 the Hill Orc Fire Elementalist began the quest for
                  | the Orb.
     0 | D:1      | Reached XP level 1. HP: 14/14 MP: 3/3
   204 | D:1      | Reached XP level 2. HP: 20/20 MP: 1/4
   833 | D:1      | Reached XP level 3. HP: 24/26 MP: 0/6
  1512 | D:2      | Reached skill level 4 in Fire Magic
  1625 | D:2      | Reached XP level 4. HP: 26/33 MP: 1/7
  2279 | D:2      | Noticed Terence
  3327 | D:2      | Learned a level 3 spell: Conjure Flame
  3343 | D:2      | Reached XP level 5. HP: 38/38 MP: 5/8
  4001 | D:3      | Noticed Ijyb
  4032 | D:3      | Killed from afar by Ijyb

Illustrated notes

Levels and vault maps discovered:
D:1:      kilobyte_arrival_exit_the_forest, layout_rooms
D:2:      cheibrodos_old_hovel, layout_loops_corners, uniq_terence
D:3:      minmay_razor_zed, layout_loops_ring, grunt_temple_overflow_diamond,
          st_stairs_3, uniq_grinder, uniq_ijyb

Skill      XL: |  1  2  3 |
---------------+----------+-----
Spellcasting   | 2 |  2.6
Conjurations   | 2 |  2.8
Fire Magic     | 4 |  4.5
Dodging        | |  1.5
Stealth        | |  1.5

Action                   |  1- 3 |  4- 6 || total
-------------------------+-------+-------++-------
Melee: Unarmed           |     1 |       ||     1
       Dagger            |    31 |    73 ||   104
       Quarterstaff      |       |     6 ||     6
Throw: Boomerang         |       |     1 ||     1
 Cast: Foxfire           |    37 |    41 ||    78
  Use: Scroll            |       |     5 ||     5
Armor: Robe              |     8 |    15 ||    23
Dodge: Dodged            |    32 |    62 ||    94
